 Dungeon Crawl Stone Soup version 0.21-a0-361-g4efd3f9 (webtiles) character file.

60 tidbits the Charmwright (level 4, -1/38 HPs)
             Began as a Gnoll Skald on Oct 13, 2017.
             Slain by a gnoll
             ... wielding a +0 halberd
              (14 damage)
             ... on level 3 of the Dungeon.
             The game lasted 00:03:45 (444 turns).

tidbits the Charmwright (Gnoll Skald)                Turns: 444, Time: 00:03:46

Health: -1/38      AC:  3    Str: 14    XL:     4   Next: 6%
Magic:  11/20      EV: 15    Int: 16    God:
Gold:   65         SH:  0    Dex: 19    Spells: 2/13 levels left

rFire    . . .     SeeInvis .   a - +0 hand axe
rCold    . . .     Gourm    .   (no shield)
rNeg     . . .     Faith    +   b - +0 leather armour
rPois    .         Spirit   .   (no helmet)
rElec    .         Reflect  .   (no cloak)
rCorr    .         Harm     .   (no gloves)
MR       .....                  (no boots)
Stlth    ++........             i - amulet of faith
HPRegen  0.12/turn              X - +5 ring of dexterity
MPRegen  0.17/turn              j - ring of magical power (curse)

@: infused
A: distributed training, fangs 1, strong nose
a: no special abilities


You were on level 3 of the Dungeon.
You were not hungry.

You visited 1 branch of the dungeon, and saw 3 of its levels.

You collected 65 gold pieces.

Inventory:

Hand Weapons
 a - a +0 hand axe (weapon)
 q - a +0 mace of holy wrath
   (You found it on level 1 of the Dungeon)
Missiles
 l - 18 stones (quivered)
Armour
 b - a +0 leather armour (worn)
Jewellery
 i - an amulet of faith (around neck)
   (You found it on level 1 of the Dungeon)
 j - a cursed ring of magical power (right hand)
   (You found it on level 1 of the Dungeon)
 X - a +5 ring of dexterity (left hand)
   (You found it on level 1 of the Dungeon)
Scrolls
 g - 3 scrolls of identify {unknown}
 h - a scroll of enchant weapon {unknown}
 k - a scroll of amnesia {unknown}
 m - a scroll of enchant armour {unknown}
 o - a scroll of fog {unknown}
 r - a scroll of noise {unknown}
 s - a scroll of teleportation {unknown}
Potions
 e - a potion of might {unknown}
 f - a potion of lignification {unknown}
 t - 3 potions of curing {unknown}
Books
 c - a book of Battle

   Spells                             Type                      Level
   a - Infusion                       Charms                       1
   b - Shroud of Golubria             Charms/Translocation         2
   c - Song of Slaying                Charms                       2
   d - Spectral Weapon                Hexes/Charms                 3
   e - Regeneration                   Charms/Necromancy            3
Comestibles
 d - 2 bread rations
 n - a meat ration
 p - a royal jelly
 u - 2 fruits


   Skills:
 + Level 4.6 Fighting
 + Level 1.0 Short Blades
 + Level 1.0 Long Blades
 + Level 4.6 Axes
 + Level 1.0 Maces & Flails
 + Level 1.0 Polearms
 + Level 1.0 Staves
 + Level 1.0 Slings
 + Level 1.0 Bows
 + Level 1.0 Crossbows
 + Level 1.0 Throwing
 + Level 2.7 Armour
 + Level 4.6 Dodging
 + Level 1.0 Stealth
 + Level 1.0 Shields
 + Level 1.0 Unarmed Combat
 + Level 5.0 Spellcasting
 + Level 0.7 Conjurations
 + Level 0.7 Hexes
 + Level 5.4 Charms
 + Level 0.7 Summonings
 + Level 0.7 Necromancy
 + Level 0.7 Translocations
 + Level 0.7 Transmutations
 + Level 0.7 Fire Magic
 + Level 0.7 Ice Magic
 + Level 0.7 Air Magic
 + Level 0.7 Earth Magic
 + Level 0.7 Poison Magic
 + Level 1.1 Invocations
 + Level 1.0 Evocations


You had 2 spell levels left.
You knew the following spells:

 Your Spells              Type           Power        Failure   Level  Hunger
g - Shroud of Golubria    Chrm/Tloc      ##........   8%          2    #......
i - Infusion              Chrm           ###.         1%          1    None
r - Regeneration          Chrm/Necr      ##........   16%         3    ###....
w - Spectral Weapon       Hex/Chrm       ##......     16%         3    ###....
y - Song of Slaying       Chrm           ###.....     3%          2    #......


Dungeon Overview and Level Annotations

Branches:
Dungeon (3/15)

Altars:


Innate Abilities, Weirdness & Mutations

Your experience applies equally to all skills.
You have very sharp teeth.
Your uncanny sense of smell can sniff out nearby items.


Message History

You hit the kobold. You hit the adder but do no damage.
Your spectral weapon hits the worm.
You kill the worm!
Your spectral weapon hits the bat.
The bat barely misses your spectral weapon.
The adder misses you. The kobold hits you.
* * * LOW HITPOINT WARNING * * *
The ball python barely misses you. The ball python closely misses you.
The adder bites you.
* * * LOW HITPOINT WARNING * * *
You hit the adder. Your bite misses the adder.
The adder is heavily wounded.
You completely miss the kobold. You hit the ball python.
You kill the ball python!
The bat hits your spectral weapon but does no damage.
Your spectral weapon completely misses the adder.
The kobold hits you but does no damage. The adder barely misses you.
You hit the adder.
The adder is heavily wounded.
You hit the kobold but do no damage.
Your spectral weapon hits the adder!
You kill the adder!
Your Invocations skill increases to level 1!
Your spectral weapon barely misses the bat.
The bat barely misses you.
The bat closely misses your spectral weapon.
The kobold hits you but does no damage.
You closely miss the bat.
The bat is severely wounded.
You hit the kobold but do no damage. The bat completely misses you.
Your spectral weapon hits the bat.
You kill the bat!
The kobold hits you.
* * * LOW HITPOINT WARNING * * *
You hit the kobold.
You kill the kobold!
Casting: Spectral Weapon
Confirm with . or Enter, or press ? or * to list all spells.
Your skin crawls.
There are no items here.
Unknown command.
l - 18 stones (gained 2)
You now have 65 gold pieces (gained 9).
Press: ? - help, v - describe, . - travel, g - get item A stone.
The floor.
Autopickup is now off.
Your skin is crawling a little less now.
Your skin stops crawling.
Found 3 scrolls labeled KASKUA JIS ASE and a yellow potion.
Found a stone staircase leading down.
Your spectral weapon fades away.
You see here a yellow potion.
t - 3 yellow potions (gained 1)
A gnoll and a kobold come into view.
Casting: Regeneration
Confirm with . or Enter, or press ? or * to list all spells.
Space distorts slightly along a thin shroud covering your body.
Casting: Shroud of Golubria
Confirm with . or Enter, or press ? or * to list all spells.
You draw out your weapon's spirit!
The kobold shouts!
You hear a shout! x3
A gnoll comes into view. It is wielding a flail.
Casting: Spectral Weapon
Confirm with . or Enter, or press ? or * to list all spells.
You begin infusing your attacks with magical energy.
You barely miss the gnoll.
Your spectral weapon hits the gnoll.
The gnoll closely misses you.
A gnoll comes into view. It is wielding a halberd.
You hit the gnoll.
The gnoll is severely wounded.
You hit the kobold.
You kill the kobold!
Your spectral weapon barely misses the gnoll.
The gnoll barely misses you.
You hit the gnoll!
You kill the gnoll!
Your Short Blades skill increases to level 1!
Your Long Blades skill increases to level 1!
Your Maces & Flails skill increases to level 1!
Your Polearms skill increases to level 1!
Your Staves skill increases to level 1!
Your Slings skill increases to level 1!
Your Bows skill increases to level 1!
Your Crossbows skill increases to level 1!
Your Throwing skill increases to level 1!
Your Stealth skill increases to level 1!
Your Shields skill increases to level 1!
Your Unarmed Combat skill increases to level 1!
Your Evocations skill increases to level 1!
You have reached level 4!
You feel stronger.
A gnoll comes into view.
The gnoll shouts!
The gnoll misses you. The gnoll barely misses you.
Found 2 scrolls labeled DUDOEGUID.
Things that are here:
3 stones; a kobold corpse The gnoll hits you with a flail!
* * * LOW HITPOINT WARNING * * *
The gnoll hits you with a halberd!
You die...

# ##.###.#
#..##.#
##.##.#
#..#.########
##.#.........
#...........
##..........
∆ #.g(.......
##.@.......
#g........
..g........
#...........
#...........
#...........
####.?......
#########


You could see 3 gnolls and a friendly spectral hand axe.

Vanquished Creatures
  A gnoll (D:3)
  An adder (D:3)
  An ooze (D:2)
  A worm (D:3)
  A leopard gecko (D:1)
  A ball python (D:3)
  4 giant cockroaches (D:1)
  A goblin (D:2)
  3 hobgoblins
  A jackal (D:1)
  A quokka (D:2)
  4 bats
  3 frilled lizards
  6 kobolds
  4 rats
33 creatures vanquished.

Notes
Turn   | Place    | Note
-------+----------+-------------------------------------------
     0 | D:1      | tidbits the Gnoll Skald began the quest for the Orb.
     0 | D:1      | Reached XP level 1. HP: 20/20 MP: 6/6
    92 | D:1      | Reached XP level 2. HP: 24/26 MP: 5/7
   109 | D:1      | Learned a level 2 spell: Song of Slaying
   112 | D:1      | Learned a level 2 spell: Shroud of Golubria
   330 | D:2      | Reached skill level 5 in Spellcasting
   330 | D:2      | Reached XP level 3. HP: 25/31 MP: 9/9
   356 | D:2      | Learned a level 3 spell: Regeneration
   360 | D:2      | Learned a level 3 spell: Spectral Weapon
   409 | D:3      | HP: 3/31 [adder (5)]
   411 | D:3      | Reached skill level 1 in Invocations
   442 | D:3      | Reached skill level 1 in Short Blades
   442 | D:3      | Reached skill level 1 in Long Blades
   442 | D:3      | Reached skill level 1 in Maces & Flails
   442 | D:3      | Reached skill level 1 in Polearms
   442 | D:3      | Reached skill level 1 in Staves
   442 | D:3      | Reached skill level 1 in Slings
   442 | D:3      | Reached skill level 1 in Bows
   442 | D:3      | Reached skill level 1 in Crossbows
   442 | D:3      | Reached skill level 1 in Throwing
   442 | D:3      | Reached skill level 1 in Stealth
   442 | D:3      | Reached skill level 1 in Shields
   442 | D:3      | Reached skill level 1 in Unarmed Combat
   442 | D:3      | Reached skill level 1 in Evocations
   442 | D:3      | Reached XP level 4. HP: 21/38 MP: 10/11
   444 | D:3      | Slain by a gnoll

Vault maps used:
D:1:      lightli_arrival_maybe_door_vault, minmay_misc_feat_chi,
          minmay_tromino_v7
D:2:      st_stairs_13, elyvilon_altar_5
D:3:      first_bread

Skill      XL: |  1  2  3 |
---------------+----------+-----
Spellcasting   | 5 |  5.0
Invocations    | 1 |  1.1
Short Blades   | 1 |  1.0
Long Blades    | 1 |  1.0
Maces & Flails | 1 |  1.0
Polearms       | 1 |  1.0
Staves         | 1 |  1.0
Slings         | 1 |  1.0
Bows           | 1 |  1.0
Crossbows      | 1 |  1.0
Throwing       | 1 |  1.0
Stealth        | 1 |  1.0
Shields        | 1 |  1.0
Unarmed Combat | 1 |  1.0
Evocations     | 1 |  1.0
Fighting       | |  4.6
Axes           | |  4.6
Armour         | |  2.7
Dodging        | |  4.6
Conjurations   | |  0.7
Hexes          | |  0.7
Charms         | |  5.4
Summonings     | |  0.7
Necromancy     | |  0.7
Translocations | |  0.7
Transmutations | |  0.7
Fire Magic     | |  0.7
Ice Magic      | |  0.7
Air Magic      | |  0.7
Earth Magic    | |  0.7
Poison Magic   | |  0.7

Action                   |  1- 3 |  4- 6 || total
-------------------------+-------+-------++-------
Melee: Hand axe          |    71 |       ||    71
       Bite              |     3 |       ||     3
 Cast: Infusion          |     8 |       ||     8
       Regeneration      |     2 |       ||     2
       Spectral Weapon   |     2 |       ||     2
       Shroud of Golubri |     1 |       ||     1
Armor: Leather armour    |    19 |       ||    19
Dodge: Dodged            |    60 |     2 ||    62

Table legend:
 A = Spawn XP
 B = Non-spawn XP
 C = Spawn XP percentage of total XP
 D = Spawn monster count
 E = Non-spawn monster count
 F = Spawn count percentage of total count
 G = Total turns spent on level
                    A         B        C        D         E        F      G
               +---------+---------+-------+---------+---------+-------+---------
         Total |       0 |      87 |   0.0 |       0 |      33 |   0.0 |   444
               +---------+---------+-------+---------+---------+-------+---------
           D:1 |       0 |      26 |   0.0 |       0 |      17 |   0.0 |   283
           D:2 |       0 |      20 |   0.0 |       0 |       9 |   0.0 |    99
           D:3 |       0 |      41 |   0.0 |       0 |       7 |   0.0 |    62
               +---------+---------+-------+---------+---------+-------+---------

Table legend:
 A = Turns spent in this place as a percentage of turns spent in the entire game.
 B = Non-inter-level travel turns spent in this place as a percentage of non-inter-level travel turns spent in the entire game.
 C = Inter-level travel turns spent in this place as a percentage of turns spent in this place.
 D = Turns resting spent in this place as a percentage of non-inter-level travel turns spent in this place.
 E = Turns spent auto-exploring this place as a percentage of non-inter-level travel turns spent in this place.
 F = Non-inter-level travel turns spent in this place divided by the number of levels of this place that you've seen.
                   A       B       C       D       E      F
               +-------+-------+-------+-------+-------+----------------------
         Total | 100.0 | 100.0 |   6.3 |   0.0 |   0.0 | 138.7
       Dungeon | 100.0 | 100.0 |   6.3 |   0.0 |   0.0 | 138.7
               +-------+-------+-------+-------+-------+----------------------

Table legend:
 A = Kills in this place as a percentage of kills in entire the game.
 B = Kills by you in this place as a percentage of kills by you in the entire game.
 C = Kills by friends in this place as a percentage of kills by friends in the entire game.
 D = Other kills in this place as a percentage of other kills in the entire game.
 E = Experience gained in this place as a percentage of experience gained in the entire game.
 F = Experience gained in this place divided by the number of levels of this place that you have seen.
                   A       B       C       D       E      F
               +-------+-------+-------+-------+-------+----------------------
         Total | 100.0 | 100.0 |   N/A |   N/A | 100.0 |  29.0
       Dungeon | 100.0 | 100.0 |   N/A |   N/A | 100.0 |  29.0
               +-------+-------+-------+-------+-------+----------------------

Vault maps used:
D:1:      lightli_arrival_maybe_door_vault, minmay_misc_feat_chi,
          minmay_tromino_v7
D:2:      st_stairs_13, elyvilon_altar_5
D:3:      first_bread
